 Dungeon Crawl Stone Soup version 0.19.1-1-g22dce08 (webtiles) character file.

247 Peloso the Shield-Bearer (level 6, 0/51 (52) HPs)
             Began as a Ghoul Fighter on Jan 5, 2017.
             Killed by divine providence
             ... invoked by an orc priest
              (12 damage)
             ... on level 3 of the Dungeon.
             The game lasted 00:06:32 (2737 turns).

Peloso the Shield-Bearer (Ghoul Fighter)            Turns: 2737, Time: 00:06:33

HP:   0/51 (52)     AC:  9    Str: 20    XL:     6   Next: 11%
MP:   5/5           EV:  8    Int:  3    God:
Gold: 190           SH:  6    Dex: 10    Spells: 0 memorised, 5 levels left

rFire  x . .     SeeInvis .     a - +0 long sword
rCold  + + .     Gourm    .     i - +0 chain mail (curse)
rNeg   + + +     Faith    .     y - +2 buckler
rPois  ∞         Spirit   .     (no helmet)
rElec  .         Reflect  .     (no cloak)
rCorr  .         Harm     .     (no gloves)
MR     +....                    (no boots)
Stlth  ..........               g - amulet of rage
                                z - ring of protection from magic
                                e - ring of ice

@: rotting
A: rotting body, claws 1, carnivore 3, cold resistance 1, negative energy
resistance 3, slow regeneration 1, torment resistance, unbreathing
a: no special abilities


You were on level 3 of the Dungeon.
You were not hungry.

You visited 1 branch of the dungeon, and saw 4 of its levels.

You collected 190 gold pieces.

Inventory:

Hand Weapons
 a - a +0 long sword (weapon)
Armour
 b - a +0 scale mail
 c - a +0 shield
 i - a cursed +0 chain mail (worn)
 y - a +2 buckler (worn)
Jewellery
 e - a ring of ice (left claw)
 g - an amulet of rage (around neck)
 z - a ring of protection from magic (right claw)
Scrolls
 h - a scroll of blinking {unknown}
 j - 3 scrolls of identify
 q - a scroll of enchant armour {unknown}
 t - a scroll of teleportation
 u - 4 scrolls of remove curse
 x - a scroll of magic mapping {unknown}
Potions
 d - a potion of might
 k - a potion of magic
 l - 3 potions of heal wounds {unknown}
 n - a potion of flight {unknown}
 o - 2 potions of mutation {unknown}
 r - a potion of lignification {unknown}
 s - a potion of haste {unknown}
 v - a potion of beneficial mutation {unknown}
Books
 p - a book of Misfortune

   Spells                             Type                      Level
   a - Confusing Touch                Hexes                        1
   b - Confuse                        Hexes                        3
   c - Gell's Gravitas                Hexes/Translocation          3
   d - Petrify                        Transmutation/Earth          4
   e - Metabolic Englaciation         Hexes/Ice                    5
   f - Yara's Violent Unravelling     Hexes/Transmutation          5
Comestibles
 f - a meat ration
 m - a beef jerky


   Skills:
 + Level 3.9 Fighting
 + Level 2.8 Long Blades
 + Level 3.9 Armour
 + Level 1.3 Dodging
 + Level 0.2 Stealth
 + Level 4.0 Shields


You had 5 spell levels left.
You didn't know any spells.

Dungeon Overview and Level Annotations

Branches:
Dungeon (4/15)
 Temple: D:4-7

Altars:
Ru
Vehumet


Innate Abilities, Weirdness & Mutations

Your body is rotting away.
You thrive on raw meat.
You are immune to poison.
You have sharp fingernails.
You are carnivorous and can eat meat at any time.
Your flesh is cold resistant. (rC+)
You are immune to negative energy. (rN+++)
You regenerate slowly when monsters are visible.
You are immune to unholy pain and torment.
You can survive without breathing.


Message History

The orc hits you but does no damage.
Unknown command.
You hit the orc but do no damage.
The orc is lightly wounded.
The orc hits you with a club.
* * * LOW HITPOINT WARNING * * *
Unknown command.
You hit the orc.
The orc is almost dead.
You block the orc's attack.
Unknown command.
You completely miss the orc.
The orc is almost dead.
The orc hits you but does no damage. x2
Unknown command.
You closely miss the orc.
The orc is almost dead.
The orc priest invokes the aid of Beogh against you.
Beogh smites you!
You die...

############# #...........#
#.#########.# ##### #.#
######.####...# ###########.#
#.............# ............#
#.####.####.).# .#########..#
#.# #.# ##.## .# #..# #@# #.#
#.# .# #..####o# #.# #.# .#
######......o# #.# #.# .#
#........###(# #.# #.# .#
#.####..####.####.# #.# .#
##.## #......>.....#####.#
.###...###.###..#..#####.##.#
.......##......###........#.#
#
†###...##.####..#..#o#o.....#
##


You could see an orc priest and an orc.

Vanquished Creatures
  A scorpion (D:4)
  The ghost of droidenko the Chiller, a weakling MfIE (D:3)
  A bullfrog skeleton (D:4)
  7 adders
  A worm (D:2)
  2 dart slugs (D:2)
  A leopard gecko (D:4)
  An orc (D:4)
  4 giant cockroaches
  4 goblins
  5 hobgoblins
  4 jackals (D:3)
  A quokka (D:2)
  2 ball pythons
  A ball python skeleton (D:4)
  10 bats
  4 frilled lizards
  5 kobolds
  8 rats
63 creatures vanquished.

Notes
Turn   | Place    | Note
-------+----------+-------------------------------------------
     0 | D:1      | Peloso the Ghoul Fighter began the quest for the Orb.
     0 | D:1      | Reached XP level 1. HP: 19/19 MP: 0/0
   112 | D:1      | Reached XP level 2. HP: 21/26 MP: 1/1
   144 | D:1      | Reached skill level 3 in Shields
   521 | D:2      | Reached XP level 3. HP: 23/31 MP: 2/2
   817 | D:2      | Reached XP level 4. HP: 38/39 MP: 3/3
  1204 | D:3      | Found a radiant altar of Vehumet.
  1480 | D:3      | Noticed droidenko's ghost (weakling MfIE)
  1496 | D:3      | Killed droidenko's ghost
  1496 | D:3      | Reached XP level 5. HP: 9/45 MP: 4/4
  1622 | D:3      | Found a faded altar of an unknown god.
  1636 | D:3      | Found a sacrificial altar of Ru.
  2020 | D:4      | Reached skill level 1 in Dodging
  2167 | D:4      | Reached XP level 6. HP: 14/50 MP: 5/5
  2702 | D:4      | Reached skill level 4 in Shields
  2737 | D:3      | Killed from afar by an orc priest

Skill      XL: |  1  2  3  4  5  6 |
---------------+-------------------+-----
Shields        | 3 4 |  4.0
Armour         | 3 |  3.9
Long Blades    | 2 |  2.8
Dodging        | 1 |  1.3
Fighting       | |  3.9
Stealth        | |  0.2

Action                   |  1- 3 |  4- 6 || total
-------------------------+-------+-------++-------
Melee: Long sword        |   100 |   214 ||   314
  Use: Scroll            |       |     5 ||     5
       Potion            |       |     1 ||     1
  Eat: Chunk             |     2 |     9 ||    11
Armor: Scale mail        |    83 |    79 ||   162
       Chain mail        |       |    53 ||    53
Dodge: Dodged            |    56 |    65 ||   121
Block: Shield            |    77 |    97 ||   174
       Buckler           |       |    10 ||    10
       Rpst.: Long sword |    19 |    27 ||    46
